 Dungeon Crawl Stone Soup version 0.21.0-26-g889b8f6 (webtiles) character file.

177 turnburgler the Skirmisher (level 5, -2/70 HPs)
             Began as a Demigod Wanderer on Jan 27, 2018.
             Killed by divine providence
             ... invoked by an orc priest
              (14 damage)
             ... on level 3 of the Dungeon.
             The game lasted 00:09:47 (3515 turns).

turnburgler the Skirmisher (Demigod Wanderer)       Turns: 3515, Time: 00:09:48

Health: -2/70      AC: 22    Str: 17    XL:     5   Next: 9%
Magic:  7/7        EV:  2    Int: 14    God:
Gold:   190        SH:  5    Dex: 17    Spells: 4/4 levels left

rFire    . . .     SeeInvis .   y - +0 short sword (speed)
rCold    . . .     Gourm    .   l - +0 buckler
rNeg     + + +     Faith    .   (armour currently unavailable)
rPois    +         Spirit   .   (helmet currently unavailable)
rElec    .         Reflect  .   (cloak currently unavailable)
rCorr    .         Harm     .   (gloves currently unavailable)
MR       .....     NoTele   +   (boots currently unavailable)
Stlth    ++........             (no amulet)
HPRegen  0.21/turn              (no ring)
MPRegen  0.10/turn              (no ring)

@: tree-form
A: high mp 1
a: no special abilities


You were on level 3 of the Dungeon.
You were hungry.
You were a tree.
You visited 1 branch of the dungeon, and saw 3 of its levels.

You collected 190 gold pieces.

Inventory:

Hand Weapons
 f - a +0 dagger
 s - a +0 hunting sling
 y - a +0 short sword of speed (weapon)
 A - a +0 long sword
Missiles
 j - 52 sling bullets
 m - 18 bolts
 u - 24 arrows
Armour
 d - a +0 helmet (melded)
 h - a +0 leather armour (melded)
 l - a +0 buckler (worn)
Wands
 v - a wand of random effects (27)
Scrolls
 a - a scroll of fear
 i - 4 scrolls of identify {unknown}
 k - a scroll of blinking {unknown}
 n - a scroll of teleportation {unknown}
 o - 2 scrolls of magic mapping {unknown}
 p - 2 scrolls of remove curse {unknown}
 q - a scroll of random uselessness {unknown}
 r - a scroll of immolation {unknown}
 t - a scroll of amnesia {unknown}
 w - a scroll of fog {unknown}
Potions
 c - 3 potions of curing
 B - a potion of magic {unknown}
Comestibles
 g - a ration
 x - 2 chunks of flesh


   Skills:
 * Level 4.9 Fighting
   Level 1.0 Bows
 + Level 0.2 Armour
 - Level 1.0 Dodging
 + Level 0.2 Stealth
 + Level 2.9 Shields
 - Level 2.6 Unarmed Combat


You had 4 spell levels left.
You didn't know any spells.

Dungeon Overview and Level Annotations

Branches:
Dungeon (3/15)


Innate Abilities, Weirdness & Mutations

You have an increased reservoir of magic. (+10% MP)


Message History

You hit the orc priest.
The orc priest is almost dead.
You hit the orc priest but do no damage.
The orc priest is almost dead.
The orc priest hits you with a club.
* * * LOW HITPOINT WARNING * * *
You closely miss the orc priest.
The orc priest is almost dead.
The orc priest hits you but does no damage.
You closely miss the orc priest.
The orc priest is almost dead.
You are feeling hungry.
You hit the orc priest but do no damage.
The orc priest is almost dead.
The orc priest hits you but does no damage.
You hit the orc priest but do no damage.
The orc priest is almost dead.
The orc priest invokes the aid of Beogh against you.
Beogh smites you!
You die...

#.#.# #.#.#
#.#.###########
##.#............
###...############
#............ ..#
#.#...####### #.#
#.##.## #.# #♣##.#
#.# #o##.# #.#
#K##.# #.# .....#
#.## #....#
######... ####
#........
#.####### #)# #.#


You could see an orc priest and a kobold.

Vanquished Creatures
  An orc wizard (D:3)
  A hound skeleton (D:2)
  Robin (D:3)
  3 adders
  An ooze (D:2)
  2 worms
  3 dart slugs
  4 leopard geckos
  7 orcs (D:3)
  7 bats
  4 giant cockroaches
  11 hobgoblins
  5 kobolds
  3 quokkas
  4 frilled lizards
  18 goblins
  6 rats
81 creatures vanquished.

Notes
Turn   | Place    | Note
-------+----------+-------------------------------------------
     0 | D:1      | turnburgler the Demigod Wanderer began the quest for the Orb.
     0 | D:1      | turnburgler set off with: a scroll of fear, a potion of haste, a potion of curing, a potion of lignification, a +0 robe, a +0 dagger, a ration
     0 | D:1      | Reached XP level 1. HP: 18/18 MP: 3/3
   110 | D:1      | Reached skill level 3 in Fighting
   535 | D:1      | Reached XP level 2. HP: 25/26 MP: 4/4
  1459 | D:2      | Found a hazy altar of Hepliaklqana.
  1487 | D:2      | Reached XP level 3. HP: 18/33 MP: 5/5
  1834 | D:2      | Reached skill level 4 in Fighting
  2011 | D:2      | Found a glowing golden altar of the Shining One.
  2235 | D:2      | Reached XP level 4. HP: 32/41 MP: 6/6
  2488 | D:3      | Noticed Robin
  2522 | D:3      | Killed Robin
  3384 | D:3      | Found a stormy altar of Qazlal.
  3473 | D:3      | Reached XP level 5. HP: 33/47 MP: 7/7
  3515 | D:3      | Killed from afar by an orc priest

Skill      XL: |  1  2  3 |
---------------+----------+-----
Fighting       | 3 4 |  4.9
Shields        | 2 |  2.9
Bows           | |  1.0
Armour         | |  0.2
Dodging        | |  1.0
Stealth        | |  0.2
Unarmed Combat | |  2.6

Action                   |  1- 3 |  4- 6 || total
-------------------------+-------+-------++-------
Melee: Unarmed           |   180 |    96 ||   276
       Short sword       |       |    56 ||    56
 Fire: Hunting sling     |       |    29 ||    29
  Use: Potion            |       |     3 ||     3
 Stab: Sleeping          |     1 |     1 ||     2
  Eat: Chunk             |     4 |     4 ||     8
Armor: Robe              |    19 |       ||    19
       Leather armour    |    13 |    18 ||    31
       Skin              |       |    10 ||    10
Dodge: Dodged            |    94 |    51 ||   145
Block: Buckler           |    27 |    24 ||    51
